 Dungeon Crawl Stone Soup version 0.31-a0-835-g2a3a5bc3be (webtiles) character file.

Game seed: 18189256690714140220

23 12345 the Shooter (level 2, -2/17 HPs)
             Began as a Deep Elf Hunter on Sept 26, 2023.
             Slain by a jackal (3 damage)
             ... on level 1 of the Dungeon.
             The game lasted 00:00:53 (462 turns).

12345 the Shooter (Deep Elf Hunter)                  Turns: 462, Time: 00:00:54

Health: -2/17      AC:  3    Str:  8    XL:     2   Next: 72%
Magic:  4/4        EV: 12    Int: 13    God:
Gold:   74         SH:  0    Dex: 18    Spells: 1/1 levels left

rFire   . . .        a - +0 shortbow
rCold   + . .        (shield currently unavailable)
rNeg    . . .        c - +0 leather armour
rPois   .            (no helmet)
rElec   .            (no cloak)
rCorr   .            (no gloves)
SInv    .            (no boots)
Will    .....        (no amulet)
Stlth   ++           f - ring of protection from cold
HPRegen 0.22/turn    (no ring)
MPRegen 0.09/turn

%: no passive effects
@: no status effects
A: no striking features
a: no special abilities


You were on level 1 of the Dungeon.
You visited 1 branch of the dungeon, and saw 1 of its levels.

You collected 74 gold pieces.

Inventory:

Hand Weapons
 a - a +0 shortbow (weapon)
Missiles
 e - 3 poisoned darts
Armour
 c - a +0 leather armour (worn)
Jewellery
 f - a ring of protection from cold (left hand)
Scrolls
 b - a scroll of butterflies
 d - 2 scrolls of identify {unknown}
Potions
 g - 2 potions of berserk rage {unknown}


   Skills:
 + Level 1.8 Fighting
 * Level 5.8 Ranged Weapons
 + Level 2.8 Dodging
 + Level 1.9 Stealth


You had one spell level left.
You didn't know any spells.
Your spell library was empty.

Dungeon Overview and Level Annotations

Branches:
Dungeon (1/15)

Altars:


Message History

You shoot an arrow. The arrow barely misses the jackal.
The jackal bites you. x2
* * * LOW HITPOINT WARNING * * *
You shoot an arrow. The arrow hits the jackal.
The jackal is severely wounded.
The jackal bites you.
* * * LOW HITPOINT WARNING * * *
The jackal bites you.
* * * LOW HITPOINT WARNING * * *
You shoot an arrow. The arrow hits the jackal.
You kill the jackal!
The jackal barely misses you.
You shoot an arrow. The arrow closely misses the jackal.
The jackal barely misses you.
You shoot an arrow. The arrow barely misses the jackal.
The jackal closely misses you. x2
You shoot an arrow.
The arrow hits the jackal but does no damage.
The jackal bites you but does no damage.
The jackal barely misses you.
You shoot an arrow. The arrow hits the jackal.
The jackal is moderately wounded.
A giant cockroach comes into view.
The jackal closely misses you.
You shoot an arrow. The arrow hits the jackal.
The jackal is heavily wounded.
The jackal bites you.
* * * LOW HITPOINT WARNING * * *
The jackal misses you.
You shoot an arrow. The arrow closely misses the jackal.
The jackal bites you but does no damage.
You shoot an arrow. The arrow barely misses the jackal.
The jackal misses you. The jackal bites you.
* * * LOW HITPOINT WARNING * * *
You shoot an arrow.
The arrow hits the jackal but does no damage.
The jackal is heavily wounded.
The jackal bites you.
* * * LOW HITPOINT WARNING * * *
The jackal bites you.
You die...

..... #.# ##### #.#
..## .# #.# ... ..#
#.# ..##... #.#
..#... #######.#
...).
...)..#.#########[.#
#####...........hB.#
#...†.......@.##
#..############ ####


You could see a jackal and a giant cockroach.

Vanquished Creatures
  3 ball pythons (D:1)
  An endoplasm (D:1)
  3 giant cockroaches (D:1)
  3 jackals (D:1)
  2 kobolds (D:1)
  2 quokkas (D:1)
  A bat (D:1)
  2 frilled lizards (D:1)
  A goblin (D:1)
  3 rats (D:1)
21 creatures vanquished.

Notes
Turn   | Place    | Note
-------+----------+-------------------------------------------
     0 | D:1      | 12345 the Deep Elf Hunter began the quest for the Orb.
     0 | D:1      | Reached XP level 1. HP: 12/12 MP: 3/3
   109 | D:1      | Reached XP level 2. HP: 17/17 MP: 4/4
   462 | D:1      | Slain by a jackal

Illustrated notes

Levels and vault maps discovered:
D:1:      amcnicky_arrival_blooded_trapdoor, layout_loops_ring,
          kennysheep_minor_cross

Action                     || total
---------------------------++-------
   Fire: Shortbow          ||    61
 Armour: Leather armour    ||    24
  Dodge: Dodged            ||    21

Table legend: (Time is in decaauts)
 A = Elapsed time spent in this place.
 B = Non-inter-level travel time spent in this place.
 C = Inter-level travel time spent in this place.
 D = Time resting spent in this place.
 E = Time spent auto-exploring this place.
 F = Levels seen in this place.
 G = Mean time per level.
                   A        B        C        D        E       F      G
               +--------+--------+--------+--------+--------+-----+--------+
         Total |    471 |    471 |      0 |      0 |    350 |   1 |  471.0 |
       Dungeon |    471 |    471 |      0 |      0 |    350 |   1 |  471.0 |
               +--------+--------+--------+--------+--------+-----+--------+

Top non-repeatable levels by time:
     D:1: 471 daAuts
